[Event "*** Titled Tuesday Blitz"]
[Site "Chess.com"]
[Date "2018.11.06"]
[Round "2"]
[White "TrimitziosP7"]
[Black "INDIAN-ELEPHANT"]
[Result "0-1"]
[WhiteElo "2695"]
[BlackElo "2667"]
[TimeControl "180+2"]
[EndTime "13:19:26 PST"]
[Termination "INDIAN-ELEPHANT won by resignation"]

1. Nf3 Nf6 2. c4 e6 3. g3 d5 4. Bg2 d4 5. b4 c5 6. b5 a6 7. Na3 axb5 8. Nxb5 Nc6 9. O-O e5 10.
d3 h6 11. a4 Be7 12. Nd2 O-O 13. Nb3 Bf5 14. Ba3 Nd7 15. Bb2 Re8 16. Re1 Bf8 17. Qd2 e4 18. dxe4 Bxe4 19. f3 Bh7 20. f4 Nb6 21. Qc1 Re3 22. Nd2 Rxa4 23. Rxa4 Nxa4 24.
Ba1 Nb4 25. Nf1 Re8 26. Bxb7 Qe7 27. Bf3 Nd3 28. Qd1 Nxe1 29. Qxe1 Be4 30. Bg4 Bc6 31. Qd1 Nb6 32. Na3 Ra8 33. Bb2 Na4 34. Bc1 Nc3 35. Qd2 f5 36. Bh5 g6 37. Bxg6 Qe4 38. Kf2 Qe6 0-1

[Event "*** Titled Tuesday Blitz"]
[Site "Chess.com"]
[Date "2018.11.06"]
[Round "2"]
[White "Rakhmanov_Aleksandr"]
[Black "Ar4uha"]
[Result "0-1"]
[WhiteElo "2864"]
[BlackElo "2599"]
[TimeControl "180+2"]
[EndTime "13:19:27 PST"]
[Termination "Ar4uha won by resignation"]

1. c4 Nf6 2. Nc3 e6 3. e4 d5 4.
exd5 exd5 5. d4 Nc6 6. Be3 Bb4 7. Bd3 O-O 8. Ne2 dxc4 9. Bxc4 Bf5 10. a3 Bd6 11. Ng3 Bg6 12. O-O Re8 13. Qd2 Ng4 14. Bg5 Be7 15. Bxe7 Qxe7 16. h3 Nf6 17. Bb5 Qd6 18.
Rad1 a6 19. Bxc6 Qxc6 20. d5 Qd6 21. Rfe1 Rxe1+ 22. Rxe1 Re8 23. Rxe8+ Nxe8 24. Nce4 Qe5 25. f4 Qe7 26. Qd4 f6 27. Nc5 Nd6 28. Ne6 Nf5 29. Nxf5 Bxf5 30. Qc5 Qxc5+ 31. Nxc5 Bc8 32. Kf2 Kf7 33. Ke3 b6 34. Ne4 Bf5 35. Nf2 Ke7 36. g4 Bb1 37. Kd4 Kd6 38. g5 f5 39. h4 Ba2 40. h5 Bxd5 41. h6 c5+ 42. Ke3 gxh6 43. gxh6 Ke6 44. Nh3 Kf6 45. Ng5 Kg6 46. Nf3 Bxf3 47.
Kxf3 Kxh6 48. Kg3 c4 49. Kh4 b5 0-1

[Event "*** Titled Tuesday Blitz"]
[Site "Chess.com"]
[Date "2018.11.06"]
[Round "2"]
[White "OscarAng"]
[Black "dmjjmd"]
[Result "0-1"]
[WhiteElo "2033"]
[BlackElo "2317"]
[TimeControl "180+2"]
[EndTime "13:19:35 PST"]
[Termination "dmjjmd won by resignation"]

1. d4 Nf6 2. Bg5 d5 3. Nd2 c5 4. c3 Qb6 5. Qb3 c4 6. Qxb6 axb6 7. Bxf6 gxf6 8. e4 e6 9. g3 Bd7 10. Bg2 Bc6 11. Ne2 Bh6 12. exd5 Bxd5 13. Bxd5 exd5 14. Nf1 Kd7 15. Ne3 Bxe3 16. fxe3 Re8 17. Rf1 Rxe3 18. Rxf6 Nc6 19. Rxf7+ Kd6 20. Kd2 Rd3+ 21.
Kc2 Re8 22. Nf4 Rf3 23. Rd1 Rf2+ 24. Rd2 Rf1 25. Rf6+ Kd7 26. Nxd5 Rh1 27. Nxb6+ Kc7 28. Nxc4 Ree1 29. Rf7+ Kb8 30. d5 Nd8 31. Rf8 Kc7 32. d6+ Kd7 33. Nb6+ Kc6 34. Rxd8 Kxb6 35. d7 Rc1+ 36.
Kb3 Rcd1 37. Rxd1 Rxd1 38. Kc2 Rd6 39. c4 Kc7 40. Kc3 Kxd8 41. b4 Rf6 42. Kd4 Kxd7 43. a4 Rf2 44. Kc5 Rxh2 45. Kb6 Kc8 46. c5 Rg2 47. b5 Rxg3 48. c6 Rg6 49. a5 bxc6 50. bxc6 Rg1 51. a6 Rb1+ 52. Ka7 Kc7 53. Ka8 Ra1 54.
a7 Rxa7+ 55. Kxa7 h5 56. Ka6 h4 57. Kb5 h3 58. Kc4 h2 0-1

[Event "*** Titled Tuesday Blitz"]
[Site "Chess.com"]
[Date "2018.11.06"]
[Round "2"]
[White "Malev212"]
[Black "BilodeauA"]
[Result "0-1"]
[WhiteElo "2613"]
[BlackElo "2843"]
[TimeControl "180+2"]
[EndTime "13:19:37 PST"]
[Termination "BilodeauA won by resignation"]

1. b3 d5 2. e3 Nf6 3. Bb2 Bf5 4. Nf3 e6 5. d4 Nbd7 6. Bd3 Ne4 7. Nbd2 Bd6 8. O-O O-O 9. Qe2 c6 10. Ne5 Nxe5 11. dxe5 Bb4 12. Bxe4 dxe4 13. Rfd1 Qg5 14. Qc4 Bxd2 15. Rxd2 h5 16. Kh1 h4 17. h3 Qh5 18.
Rad1 g5 19. Ba3 Rfe8 20. Rd7 g4 21. hxg4 Bxg4 22. Rg1 h3 23. f3 hxg2+ 24. Kxg2 Qh3+ 25. Kf2 Qxf3+ 26. Ke1 Qxe3+ 27. Kf1 Qf3+ 28. Ke1 Rad8 29. Rxg4+ Qxg4 30. Rd5 exd5 0-1

[Event "*** Titled Tuesday Blitz"]
[Site "Chess.com"]
[Date "2018.11.06"]
[Round "2"]
[White "VladimirPotkin"]
[Black "KRASAVCHIK2002"]
[Result "1-0"]
[WhiteElo "2592"]
[BlackElo "2358"]
[TimeControl "180+2"]
[EndTime "13:19:40 PST"]
[Termination "VladimirPotkin won by resignation"]

1. Nf3 Nf6 2. c4 c5 3. Nc3 Nc6 4. e3 g6 5. d4 cxd4 6. exd4 d5 7.
cxd5 Nxd5 8. Qb3 Nxc3 9. Bc4 Nd5 10. Bxd5 e6 11. Bxc6+ bxc6 12. O-O Bg7 13. Bg5 Qd5 14. Rfc1 O-O 15. Qe3 Bb7 16. Rc5 Qd6 17. Bf4 Qd8 18.
Bh6 Rb8 19. h4 Ba8 20. b3 Rb5 21. Rac1 Rxc5 22. Rxc5 Re8 23. Bxg7 Kxg7 24. h5 Qf6 25. h6+ Kg8 26. Ne5 Rd8 27. Ra5 c5 28. Rxc5 Qf5 29.
Nc6 Bxc6 30. Rxf5 1-0

[Event "*** Titled Tuesday Blitz"]
[Site "Chess.com"]
[Date "2018.11.06"]
[Round "2"]
[White "Jbd735"]
[Black "juniortay"]
[Result "1-0"]
[WhiteElo "2471"]
[BlackElo "2391"]
[TimeControl "180+2"]
[EndTime "13:19:41 PST"]
[Termination "Jbd735 won by resignation"]

1. e4 e5 2. Nf3 Nf6 3. Nxe5 Nc6 4. Nxc6 dxc6 5. d3 Bc5 6. Be2 h5 7. Be3 Bxe3 8. fxe3 Ng4 9. Bxg4 hxg4 10. g3 Qg5 11. Qe2 Be6 12. Nc3 O-O-O 13. O-O-O Qa5 14. Kb1 b5 15. a3 b4 16. axb4 Qxb4 17. d4 Rh5 18. d5 cxd5 19. exd5 Bd7 20. Qa6+ Qb7 21. Qxb7+ Kxb7 22. Rd2 Rdh8 23. Rf1 Rxh2 24. Rxh2 Rxh2 25.
Rxf7 Rh1+ 26. Ka2 Kc8 27. Rxg7 Bf5 28. e4 Bd7 29. e5 Bf5 30. e6 Re1 31. Rg5 Bxc2 32.
Rxg4 c6 33. Rc4 Bd3 34. Rxc6+ Kd8 35. Kb3 1-0

[Event "*** Titled Tuesday Blitz"]
[Site "Chess.com"]
[Date "2018.11.06"]
[Round "2"]
[White "eljanov"]
[Black "DrVitman"]
[Result "1-0"]
[WhiteElo "2812"]
[BlackElo "2622"]
[TimeControl "180+2"]
[EndTime "13:19:45 PST"]
[Termination "eljanov won on time"]

1. c4 Nf6 2. Nc3 g6 3. g3 Bg7 4. Bg2 O-O 5. e4 d6 6. Nge2 c5 7. d3 Nc6 8. O-O Rb8 9. Rb1 a6 10. a4 Ne8 11. Be3 Nc7 12. d4 cxd4 13. Nxd4 Nxd4 14. Bxd4 Bxd4 15. Qxd4 Be6 16. a5 Bd7 17. b4 Ne6 18. Qd3 Bc6 19. Nd5 Bxd5 20. exd5 Nc7 21. Rfe1 Re8 22. h4 b6 23. axb6 Rxb6 24. h5 Qb8 25. h6 f6 26. Qc3 Kf7 27. Bh3 Qd8 28. Rb2 Rb7 29. Rbe2 Qb8 30. Bd7 Na8 31. Bxe8+ Qxe8 32. Re6 Qf8 33. c5 dxc5 34. bxc5 Qd8 35. d6 exd6 36. Rxd6 1-0

[Event "*** Titled Tuesday Blitz"]
[Site "Chess.com"]
[Date "2018.11.06"]
[Round "2"]
[White "Samuray111"]
[Black "FairChess_on_YouTube"]
[Result "0-1"]
[WhiteElo "2599"]
[BlackElo "2930"]
[TimeControl "180+2"]
[EndTime "13:19:46 PST"]
[Termination "FairChess_on_YouTube won by resignation"]

1. e4 c5 2. Nf3 e6 3. Qe2 Nc6 4.
g3 Nge7 5. Bg2 g6 6. e5 Bg7 7. O-O O-O 8. d3 d6 9. exd6 Nf5 10. c3 Nxd6 11. Nbd2 b6 12. Nc4 Bb7 13. Bf4 Nxc4 14. dxc4 Qe7 15. Rad1 Rad8 16. Qe3 Rxd1 17. Rxd1 Rd8 18.
Re1 Na5 19. b3 Qd7 20. Ne5 Qc8 21. Bxb7 Qxb7 22. Bh6 Bh8 23. b4 Nc6 24. Qf3 Bxe5 25.
Rxe5 Na5 26. Re4 f5 27. Bg5 Qxe4 28. Qxe4 Rd1+ 0-1

[Event "*** Titled Tuesday Blitz"]
[Site "Chess.com"]
[Date "2018.11.06"]
[Round "2"]
[White "bascheyaro"]
[Black "sere99"]
[Result "1-0"]
[WhiteElo "2717"]
[BlackElo "2308"]
[TimeControl "180+2"]
[EndTime "13:19:47 PST"]
[Termination "bascheyaro won by resignation"]

1. d4 d5 2. Nf3 Nf6 3. c4 e6 4. Nc3 c6 5. e3 Nbd7 6. Bd2 Bd6 7. Rc1 O-O 8. h3 Re8 9. Bd3 dxc4 10. Bxc4 b5 11.
Bb3 Bb7 12. O-O a6 13. a4 Qb8 14. axb5 cxb5 15. Re1 Ne4 16. Nxe4 Bxe4 17. Ng5 Bg6 18.
Qf3 Nf6 19. e4 h6 20. e5 hxg5 21. exf6 Bf4 22. Bxf4 Qxf4 23. Qxf4 gxf4 24. fxg7 Kxg7 25. d5 exd5 26. Bxd5 Rxe1+ 27. Rxe1 Rd8 28. Bb7 Rd2 29. b4 Rb2 30. Bxa6 Rxb4 31. f3 Rb2 32. h4 b4 33.
Kh2 b3 34. Bc4 Kf6 35. Rd1 Bc2 36. Rd6+ Ke5 37. Rd5+ Kf6 38. Rb5 Rb1 39. Rb6+ Kg7 40. h5 b2 41. Ba2 Re1 42. Rxb2 Bf5 43. Rb7 Re2 44. Rxf7+ Kh6 45. Rxf5 Rxa2 46. Rxf4 Kxh5 47. Kg3 1-0

[Event "*** Titled Tuesday Blitz"]
[Site "Chess.com"]
[Date "2018.11.06"]
[Round "2"]
[White "JonahWillow"]
[Black "Phelathegreat"]
[Result "1-0"]
[WhiteElo "2692"]
[BlackElo "2352"]
[TimeControl "180+2"]
[EndTime "13:19:47 PST"]
[Termination "JonahWillow won by resignation"]

1. e4 c5 2. Nf3 d6 3. d4 cxd4 4.
Qxd4 a6 5. c4 Nc6 6. Qe3 Nf6 7. h3 Qc7 8. Nc3 g6 9. Be2 Bg7 10. O-O O-O 11. Rd1 Na5 12. Nd5 Nxd5 13. cxd5 b5 14. Nd4 Bd7 15. b3 Qb6 16. Bb2 Rac8 17. Nf5 Qxe3 18. Nxe7+ Kh8 19. Bxg7+ Kxg7 20. fxe3 Rc2 21. Bd3 Rb2 22. Rac1 Re8 23. Nc6 Rxa2 24. b4 Nxc6 25. dxc6 Be6 26. c7 Rc8 27. Bb1 Rb2 28.
e5 dxe5 29. Be4 Bc4 30. Rd7 Rxb4 31. Bb7 Rxc7 32. Rxc7 a5 33. Bc6 a4 34. Ra7 Rb3 35.
e4 a3 36. Bd5 Bxd5 37. exd5 b4 38. d6 Rd3 39. d7 b3 40. Rxa3 b2 41. Rb1 Rxa3 42.
d8=Q Ra1 43. Qd1 Rxb1 44. Qxb1 1-0

[Event "*** Titled Tuesday Blitz"]
[Site "Chess.com"]
[Date "2018.11.06"]
[Round "2"]
[White "IvanRadivojevic"]
[Black "Superfelix"]
[Result "0-1"]
[WhiteElo "2421"]
[BlackElo "2413"]
[TimeControl "180+2"]
[EndTime "13:19:48 PST"]
[Termination "Superfelix won by resignation"]

1. e4 c5 2. Nc3 a6 3. g3 b5 4. Bg2 Bb7 5. d3 e6 6. f4 d5 7. Nh3 d4 8. Ne2 Nc6 9. Nf2 e5 10. O-O Bd6 11. h3 Nge7 12. c3 Rc8 13. Bd2 h5 14. Rc1 h4 15. g4 exf4 16. Bxf4 Ng6 17. Bxd6 Qxd6 18. cxd4 cxd4 19. e5 Ngxe5 20. Ne4 Qe7 21.
Nf4 O-O 22. Qe1 Nb4 23. Qe2 Rfe8 24. Rxc8 Rxc8 25. g5 Rc2 26. Qe1 Rxg2+ 27. Nxg2 Nbxd3 28. Qxh4 Ng6 29. Nf6+ gxf6 30. gxf6 Qe2 31. Qg5 Ne5 32. Rf2 Nf3+ 0-1

[Event "*** Titled Tuesday Blitz"]
[Site "Chess.com"]
[Date "2018.11.06"]
[Round "2"]
[White "AkibaRubi"]
[Black "Pilopa"]
[Result "0-1"]
[WhiteElo "2525"]
[BlackElo "2382"]
[TimeControl "180+2"]
[EndTime "13:19:51 PST"]
[Termination "Pilopa won on time"]

1. d4 Nf6 2. c4 c5 3. e3 e6 4. Nc3 d5 5. Nf3 a6 6. b3 cxd4 7. exd4 Bb4 8. Bb2 Qa5 9. Qc2 Ne4 10. Rc1 Nc6 11. Bd3 Nxc3 12. Bxc3 dxc4 13. bxc4 Bxc3+ 14. Qxc3 Qxc3+ 15. Rxc3 O-O 16. O-O Rd8 17. Rd1 Nb4 18. Bb1 b6 19. a3 Nc6 20. Rcd3 Bb7 21. d5 Na5 22. Ba2 Rac8 23. Ne5 f6 24. Nf3 e5 25. d6 Kf8 26. Nh4 Nxc4 27. Bxc4 Rxc4 28. Nf5 Be4 0-1

[Event "*** Titled Tuesday Blitz"]
[Site "Chess.com"]
[Date "2018.11.06"]
[Round "2"]
[White "pastouche06"]
[Black "BIG_Pirate"]
[Result "1-0"]
[WhiteElo "2439"]
[BlackElo "2398"]
[TimeControl "180+2"]
[EndTime "13:19:51 PST"]
[Termination "pastouche06 won by resignation"]

1. d4 d5 2. c4 c6 3. Nf3 Nf6 4. e3 e6 5. b3 Nbd7 6. Bb2 Bb4+ 7. Nbd2 O-O 8. Bd3 Ne4 9. a3 Ba5 10. b4 Nxd2 11. Qxd2 Bc7 12. O-O Re8 13. e4 dxc4 14.
Bxc4 e5 15. Ng5 Re7 16. dxe5 Nf8 17. Qxd8 Bxd8 18. f4 Ng6 19. Rad1 Bb6+ 20. Kh1 h6 21. Nxf7 Rxf7 22. Bxf7+ Kxf7 23. f5 Nf8 24. e6+ Kg8 25.
e7 Kf7 26. exf8=Q+ Kxf8 27. e5 1-0

[Event "*** Titled Tuesday Blitz"]
[Site "Chess.com"]
[Date "2018.11.06"]
[Round "2"]
[White "RaphaeI"]
[Black "SergeiAza"]
[Result "0-1"]
[WhiteElo "2531"]
[BlackElo "2808"]
[TimeControl "180+2"]
[EndTime "13:20:00 PST"]
[Termination "SergeiAza won by resignation"]

1. Nf3 Nf6 2. c4 e6 3. g3 d5 4. Bg2 d4 5. O-O c5 6. d3 Nc6 7. e3 Bd6 8. exd4 cxd4 9. a3 a5 10. Bg5 h6 11. Bxf6 Qxf6 12. Nbd2 Qd8 13. Re1 O-O 14. Rc1 Bd7 15. c5 Be7 16. Rc4 b5 17. cxb6 Qxb6 18. Qc2 Rab8 19. Rc1 Rfc8 20. Ne4 e5 21.
Nc5 Be8 22. Nd2 Na7 23. b4 axb4 24. axb4 Bb5 25. Re1 Bxc4 26. Nxc4 Qxb4 0-1

[Event "*** Titled Tuesday Blitz"]
[Site "Chess.com"]
[Date "2018.11.06"]
[Round "2"]
[White "Kawhi_Leonard2"]
[Black "talento10"]
[Result "1-0"]
[WhiteElo "2286"]
[BlackElo "2435"]
[TimeControl "180+2"]
[EndTime "13:20:04 PST"]
[Termination "Kawhi_Leonard2 won by resignation"]

1. e4 c5 2. Nf3 d6 3. d4 cxd4 4. Nxd4 Nf6 5. Nc3 g6 6. Be3 Bg7 7. f3 O-O 8. Qd2 Nc6 9. O-O-O d5 10. Qe1 e5 11. Nxc6 bxc6 12. exd5 Nxd5 13. Bc4 Be6 14. Kb1 Rb8 15. Ne4 Qc7 16. Bc5 Rfd8 17. h4 h6 18. g4 f5 19. gxf5 gxf5 20. Ng3 Kh7 21. Bb3 Qf7 22. Qf2 a5 23. Rhe1 Nf4 24. Bd6 Rxd6 25.
Rxd6 a4 26. Bxe6 Nxe6 27. c3 Nf4 28. Qc2 Rf8 29. Red1 Qe7 30. Nxf5 1-0

[Event "*** Titled Tuesday Blitz"]
[Site "Chess.com"]
[Date "2018.11.06"]
[Round "2"]
[White "kuli4ik"]
[Black "LastGladiator1"]
[Result "1-0"]
[WhiteElo "2783"]
[BlackElo "2632"]
[TimeControl "180+2"]
[EndTime "13:20:05 PST"]
[Termination "kuli4ik won by resignation"]

1. Nf3 Nf6 2. g3 d5 3. Bg2 Bf5 4. O-O e6 5. c4 c6 6. cxd5 exd5 7. d3 Be7 8. Qb3 Qb6 9. Qc2 Nbd7 10. Nc3 O-O 11.
e4 dxe4 12. dxe4 Be6 13. Ng5 Bc4 14. Rd1 Ne5 15. Be3 Qa5 16. h3 h6 17. Nf3 Nxf3+ 18. Bxf3 Be6 19. Bg2 Rfd8 20. a3 Rxd1+ 21. Rxd1 Rd8 22.
Rxd8+ Bxd8 23. f4 Bb6 24. Qf2 Bxe3 25. Qxe3 Bc4 26. Qd4 Qb6 27. Qxb6 axb6 28. e5 Nd7 29. Ne4 Kf8 30. Nd6 Ba6 31. Kf2 Ke7 32. Nf5+ Kf8 33. Ke3 Nc5 34. b4 Ne6 35. Nd6 Ke7 36. Nc8+ Kd8 37. Nxb6 Nc7 38. a4 g6 39. g4 Ne6 40. f5 Ng7 41. Be4 gxf5 42. gxf5 Kc7 43. a5 Kd8 44. Na4 Ne8 45. Nc5 Nc7 46. Kf4 Ke7 47.
f6+ Ke8 48. Kg4 Be2+ 49. Kh4 1-0

[Event "*** Titled Tuesday Blitz"]
[Site "Chess.com"]
[Date "2018.11.06"]
[Round "2"]
[White "Vamostodorecto"]
[Black "ZuchBolt"]
[Result "1-0"]
[WhiteElo "2431"]
[BlackElo "2258"]
[TimeControl "180+2"]
[EndTime "13:20:06 PST"]
[Termination "Vamostodorecto won by resignation"]

1. d4 d5 2. c4 c6 3. Nf3 Nf6 4. Nc3 dxc4 5. e3 b5 6. a4 b4 7.
Na2 a5 8. Bxc4 e6 9. O-O Be7 10. Qe2 O-O 11. e4 Ba6 12. Bxa6 Nxa6 13. Bg5 h6 14. Bh4 Qb6 15. Nc1 c5 16. Qb5 Rab8 17.
Ne5 g5 18. Nc6 gxh4 19. Nxe7+ Kg7 20. e5 Nd5 21. Nxd5 exd5 22. Qe2 cxd4 23. Nd3 Qg6 24. Nf4 Qe4 25. Qg4+ Kh8 26. Rae1 Qh7 27. e6 Rg8 28. Qxh4 Qg7 29. exf7 Qxf7 30. Qxh6+ Qh7 31. Qxa6 1-0

[Event "*** Titled Tuesday Blitz"]
[Site "Chess.com"]
[Date "2018.11.06"]
[Round "2"]
[White "volcanoexplorer"]
[Black "ahachess"]
[Result "1-0"]
[WhiteElo "2478"]
[BlackElo "2363"]
[TimeControl "180+2"]
[EndTime "13:20:12 PST"]
[Termination "volcanoexplorer won by resignation"]

1. e4 g6 2. Nf3 Bg7 3. d4 d6 4. Nc3 a6 5. a4 e6 6. g3 b6 7. Bg2 Bb7 8. O-O Nd7 9. Re1 Ne7 10. h3 O-O 11. Be3 c5 12. Qd2 Qc7 13. Bh6 Rfd8 14. d5 exd5 15. exd5 Bxh6 16. Qxh6 Nf5 17.
Qg5 h6 18. Qf4 Kh7 19. g4 Ng7 20. Re7 Rf8 21. Ne4 f5 22. Qxd6 Qxd6 23. Nxd6 Bxd5 24.
Rxd7 fxg4 25. Ne5 Bxg2 26. Kxg2 gxh3+ 27. Kxh3 Rxf2 28. Rg1 g5 29. Ne4 Rf5 30. Ng4 Raf8 31. Rd6 Rf3+ 32. Kg2 Nh5 33. Rxh6+ Kg7 34. Rxh5 Kg6 35.
Rxg5+ Kh7 36. Rh1+ 1-0

[Event "*** Titled Tuesday Blitz"]
[Site "Chess.com"]
[Date "2018.11.06"]
[Round "2"]
[White "AsaHoffmann"]
[Black "Jamaladam12200620"]
[Result "1-0"]
[WhiteElo "2030"]
[BlackElo "2049"]
[TimeControl "180+2"]
[EndTime "13:20:12 PST"]
[Termination "AsaHoffmann won by checkmate"]

1. d4 Nf6 2. Bg5 h6 3. Bh4 g5 4. Bg3 Bg7 5. e3 d5 6. c4 c6 7.
Nc3 e6 8. Nf3 Nbd7 9. Qc2 a6 10.
c5 Nh5 11. Bd6 Bf8 12. Be5 Nxe5 13. Nxe5 Bg7 14. Be2 Nf6 15. h4 Nd7 16. f4 Nxe5 17. fxe5 gxh4 18. O-O-O Qg5 19. Qd2 Bd7 20. Bf3 O-O-O 21.
e4 f6 22. exf6 Bxf6 23. e5 Bg7 24. Qxg5 hxg5 25. Bg4 Rdf8 26. Rdf1 Kd8 27. Kd2 Ke7 28. Ke3 Rxf1 29. Rxf1 Rf8 30. Rxf8 Bxf8 31. Nd1 Be8 32. Nf2 Bg6 33. Be2 Bf5 34. Ng4 Bg7 35. b4 Kd7 36. a4 a5 37. bxa5 Kc7 38. Kf3 Be4+ 39.
Ke3 Bxg2 40. Nf6 Bxf6 41. exf6 Kd7 42. a6 bxa6 43. Bxa6 g4 44. Be2 g3 45. Kf4 Be4 46.
Bf1 Ke8 47. a5 g2 48. Bxg2 Bxg2 49. a6 h3 50. Kg3 e5 51. a7 exd4 52. a8=Q+ Kf7 53.
Qd8 Kg6 54. Qe7 d3 55. f7 d2 56. f8=Q d1=Q 57. Qff6+ Kh5 58. Qg5# 1-0

[Event "*** Titled Tuesday Blitz"]
[Site "Chess.com"]
[Date "2018.11.06"]
[Round "2"]
[White "ahmadzada13"]
[Black "sergiochess83"]
[Result "1/2-1/2"]
[WhiteElo "2633"]
[BlackElo "2778"]
[TimeControl "180+2"]
[EndTime "13:20:15 PST"]
[Termination "Game drawn by repetition"]

1. e4 c6 2. d4 d5 3. Nc3 dxe4 4. Nxe4 Bf5 5. Ng3 Bg6 6. N1e2 Nf6 7. Nf4 Nbd7 8. Bc4 Qc7 9. O-O e6 10. Re1 O-O-O 11.
Bxe6 fxe6 12. Nxe6 Qa5 13. Bd2 Qd5 14. Nxd8 Kxd8 15. b3 Bd6 16. c4 Qf7 17. Qf3 Bc7 18. Bf4 Nb6 19. Bxc7+ Qxc7 20. Re2 Rf8 21. Rae1 Nbd7 22.
Qe3 Qd6 23. d5 Qc5 24. Qxc5 Nxc5 25. dxc6 bxc6 26. Re7 Nd3 27. R1e2 Nf4 28. Re1 Nd3 29.
R1e2 Nf4 30. Re1 Nd3 1/2-1/2

[Event "*** Titled Tuesday Blitz"]
[Site "Chess.com"]
[Date "2018.11.06"]
[Round "2"]
[White "Quiet_Desperation"]
[Black "Denis_Makhnyov"]
[Result "0-1"]
[WhiteElo "2328"]
[BlackElo "2790"]
[TimeControl "180+2"]
[EndTime "13:20:16 PST"]
[Termination "Denis_Makhnyov won by resignation"]

1. e4 e5 2. Nf3 Nc6 3. Bc4 Bc5 4. b4 Bxb4 5. c3 Be7 6. d4 Na5 7. Nxe5 Nxc4 8. Nxc4 d5 9. exd5 Qxd5 10. Ne3 Qd8 11.
O-O Nf6 12. c4 O-O 13. Bb2 c6 14. Nc3 Re8 15. d5 Bf8 16. Qf3 Qa5 17. Ne2 Ne4 18. Ng3 Nd2 19. Qf4 Nxf1 20. Rxf1 Qxa2 21. Qd4 Qb3 22.
Nh5 f6 23. Nxf6+ gxf6 24. Qxf6 Re7 25. Qh8+ Kf7 26. d6 Re6 27. Nf5 Qxc4 28. Qxh7+ Ke8 29. Qg8 b6 30. Ng7+ Kd7 31. Qxf8 Qxf1+ 0-1

[Event "*** Titled Tuesday Blitz"]
[Site "Chess.com"]
[Date "2018.11.06"]
[Round "2"]
[White "HaryKane"]
[Black "Chessialist"]
[Result "1-0"]
[WhiteElo "2586"]
[BlackElo "2557"]
[TimeControl "180+2"]
[EndTime "13:20:19 PST"]
[Termination "HaryKane won by resignation"]

1. e4 c5 2. Nf3 Nc6 3. d4 cxd4 4. Nxd4 Qb6 5. Nb3 Nf6 6. Bd3 e6 7. Qe2 Qc7 8. Nc3 a6 9. Bd2 d6 10. O-O Be7 11. Rae1 O-O 12. f4 b5 13. Rf3 b4 14. Nd1 a5 15. e5 dxe5 16. fxe5 Ng4 17.
Bxh7+ Kxh7 18. Rh3+ Kg8 19. Qxg4 f5 20. exf6 Bxf6 21. Qh5 a4 22. Nc5 Nd4 23. Ne4 Bb7 24. Qh7+ Kf7 25. Nxf6 Kxf6 26. Rh6+ Kf7 27. Rf1+ Nf5 28.
Qg6+ Kg8 29. Qxe6+ Qf7 30. Rxf5 Qxe6 31. Rxf8+ Rxf8 32.
Rxe6 Bd5 33. Re1 Bxa2 34. Bxb4 Rc8 35. Nc3 Bf7 36. Ra1 1-0

[Event "*** Titled Tuesday Blitz"]
[Site "Chess.com"]
[Date "2018.11.06"]
[Round "2"]
[White "SaraciNderim"]
[Black "TheNomNomFactor"]
[Result "1-0"]
[WhiteElo "2660"]
[BlackElo "2354"]
[TimeControl "180+2"]
[EndTime "13:20:19 PST"]
[Termination "SaraciNderim won by resignation"]

1. e4 e5 2. Nf3 Nc6 3. Bb5 a6 4. Bxc6 dxc6 5. d3 Qd6 6. Nbd2 b5 7. Nf1 Be6 8. Ng3 f6 9. a4 Ne7 10. O-O Ng6 11. Re1 Be7 12. Nf5 Bxf5 13. exf5 Nf8 14. d4 exd4 15. Nxd4 O-O-O 16. Be3 c5 17. Qf3 cxd4 18. Bf4 Qc5 19. axb5 axb5 20. b4 Qc3 21. Qxc3 dxc3 22. Rxe7 Nd7 23. Ra7 Ne5 24. Rexc7+ Kb8 25. Rcb7+ Kc8 26. h3 Rhf8 27. Rxb5 g5 28. fxg6 hxg6 29.
Ra3 Rd1+ 30. Kh2 Kd7 31. Rxc3 Ke6 32. Re3 Kf5 33. Bxe5 1-0

[Event "*** Titled Tuesday Blitz"]
[Site "Chess.com"]
[Date "2018.11.06"]
[Round "2"]
[White "colegiodemadrid"]
[Black "Aklanion"]
[Result "0-1"]
[WhiteElo "2202"]
[BlackElo "2178"]
[TimeControl "180+2"]
[EndTime "13:20:19 PST"]
[Termination "Aklanion won by resignation"]

1. e4 c5 2. Nf3 e6 3. d4 cxd4 4. Nxd4 Nc6 5. Nc3 Qc7 6. Qd3 Nf6 7. Ndb5 Qb8 8. Qg3 d6 9. Be3 a6 10. Nd4 e5 11. Nf5 Bxf5 12. exf5 d5 13. Bg5 d4 14.
Bxf6 dxc3 15. Bxg7 cxb2 16. Rb1 Rg8 17. f6 Bxg7 18.
fxg7 Qd6 19. Be2 O-O-O 20. O-O Nd4 21. Bd3 f5 22. Qh3 Rxg7 23. Bxf5+ Kb8 24. Rxb2 Qc6 25. f3 Nxf5 26. Qxf5 Qc5+ 27. Kh1 Qf2 28. Qxe5+ Ka8 29. Rg1 Qxg2+ 30. Rxg2 Rd1+ 0-1

[Event "*** Titled Tuesday Blitz"]
[Site "Chess.com"]
[Date "2018.11.06"]
[Round "2"]
[White "vovachesss"]
[Black "Bad4life"]
[Result "0-1"]
[WhiteElo "2440"]
[BlackElo "2287"]
[TimeControl "180+2"]
[EndTime "13:20:22 PST"]
[Termination "Bad4life won by resignation"]

1. e4 d6 2. d4 Nf6 3. Nc3 g6 4. Nf3 Bg7 5. Bc4 O-O 6. Qe2 Bg4 7. e5 dxe5 8. dxe5 Nfd7 9. e6 Ne5 10. exf7+ Kh8 11. Bd5 Nbc6 12. Be3 e6 13. Be4 Rxf7 14. Nxe5 Nxe5 15. f3 Bf5 16. O-O c6 17. Rad1 Qa5 18. a3 Raf8 19. Rd2 b5 20. Bc5 Re8 21. Rfd1 Nc4 22.
Rd7 Rxd7 23. Rxd7 Nxb2 24. Qf2 Bxc3 25. Bd4+ e5 26. Rxa7 Bxd4 27. Rxa5 Bxe4 28. fxe4 Nc4 29. Ra6 Rf8 30. Qxd4 exd4 31. Rxc6 Ne3 32. h3 Rf1+ 33.
Kh2 Rf2 34. Kg3 Rxg2+ 35. Kf3 Rxc2 36. Rb6 Rc5 37. Rb7 Nc4 38. Kf4 g5+ 39. Kg4 d3 40. Rd7 Ne5+ 41. Kxg5 Nxd7+ 0-1

[Event "*** Titled Tuesday Blitz"]
[Site "Chess.com"]
[Date "2018.11.06"]
[Round "2"]
[White "chesstatour"]
[Black "Assasin14"]
[Result "0-1"]
[WhiteElo "2099"]
[BlackElo "2218"]
[TimeControl "180+2"]
[EndTime "13:20:31 PST"]
[Termination "Assasin14 won by resignation"]

1. c4 Nf6 2. Nc3 e5 3. Nf3 Nc6 4. d4 exd4 5. Nxd4 Bb4 6. g3 d6 7. Bg2 Bd7 8. O-O Bxc3 9. bxc3 Rb8 10. Ba3 O-O 11. c5 d5 12. c4 dxc4 13. Nxc6 Bxc6 14.
Bxc6 bxc6 15. Qa4 Qd5 16. Rfc1 Rfe8 17. e3 Re4 18. Qxa7 Rbe8 19. Qxc7 Ng4 20. f3 Rxe3 21.
Qf4 Ne5 22. Rd1 Qxf3 23. Qxf3 Nxf3+ 24. Kg2 Rxa3 25. Rd6 h5 26. Rxc6 Re2+ 27. Kf1 Rxh2 28. Rc8+ Kh7 0-1

[Event "*** Titled Tuesday Blitz"]
[Site "Chess.com"]
[Date "2018.11.06"]
[Round "2"]
[White "novocane"]
[Black "Karina_Oparina"]
[Result "1-0"]
[WhiteElo "2182"]
[BlackElo "2189"]
[TimeControl "180+2"]
[EndTime "13:20:32 PST"]
[Termination "novocane won on time"]

1. d4 Nf6 2. c4 e6 3. Nc3 Bb4 4. e3 c5 5. Ne2 cxd4 6. exd4 d5 7. a3 Bxc3+ 8. Nxc3 dxc4 9. Bxc4 O-O 10. O-O Nbd7 11. Re1 b6 12. d5 exd5 13. Nxd5 Bb7 14. Bg5 Rc8 15. Ne7+ Kh8 16. Nxc8 Qxc8 17. Rc1 Qb8 18. Re7 Ne5 19. Bxf6 gxf6 20. Bd5 Ba6 21. Rcc7 Rd8 22.
Qd4 Bc4 23. Rxc4 Rxd5 24. Qxd5 Nxc4 25. Qxf7 1-0

[Event "*** Titled Tuesday Blitz"]
[Site "Chess.com"]
[Date "2018.11.06"]
[Round "2"]
[White "HanSchut"]
[Black "Chopper1905"]
[Result "0-1"]
[WhiteElo "2305"]
[BlackElo "2669"]
[TimeControl "180+2"]
[EndTime "13:20:34 PST"]
[Termination "Chopper1905 won by resignation"]

1. e4 c5 2. Nf3 e6 3. c4 Nc6 4. Nc3 Nd4 5. Be2 Ne7 6. O-O Nec6 7. d3 a6 8. Be3 Bd6 9. Rb1 Qc7 10. h3 O-O 11. a3 b6 12. Qd2 Bb7 13. Rfc1 Nb3 14.
Qd1 Nxc1 15. Rxc1 f5 16. exf5 Rxf5 17. d4 cxd4 18. Nxd4 Nxd4 19. Bxd4 Bh2+ 20. Kh1 Raf8 21. Bd3 Rg5 22. Be4 Bf4 23. Rc2 Be5 24. Be3 Bxe4 25.
Nxe4 Rgf5 26. c5 b5 27. Nd6 R5f6 28. Qd2 Qc6 29. Qd3 Rg6 30. Ne4 Rc8 31. b4 d5 32.
cxd6 Qxc2 33. Qxc2 Rxc2 34. d7 Bc7 35. Bf4 Bd8 36. Nc5 e5 37. Be3 Rb6 38. Ne4 Rbc6 39. Bh6 0-1